 Dungeon Crawl Stone Soup version 0.27.1 (webtiles) character file.

Game seed: 6834129867369338011

5 MajorAdolf the Vexing (level 1, 18/18 HPs)
             Began as a Naga Wanderer on Aug 24, 2021.
             Quit the game on level 1 of the Dungeon.
             The game lasted 00:01:33 (275 turns).

MajorAdolf the Vexing (Naga Wanderer)                Turns: 275, Time: 00:01:33

Health: 18/18      AC:  1    Str: 12    XL:     1   Next: 80%
Magic:  1/1        EV:  9    Int: 14    God:
Gold:   0          SH:  0    Dex: 10    Spells: 0/0 levels left

rFire    . . .     SeeInvis +   a - +2 hand crossbow
rCold    . . .     Faith    .   (no shield)
rNeg     . . .     Spirit   .   d - +0 robe
rPois    +         Reflect  .   (no helmet)
rElec    .         Harm     .   (no cloak)
rCorr    .         Rampage  .   (no gloves)
Will     .....                  (no barding)
Stlth    +.........             (no amulet)
HPRegen  0.06/turn              (no ring)
MPRegen  0.07/turn              (no ring)

@: very slow
A: AC +0, large, see invisible, deformed body, poison resistance, slowness 2,
spit poison 1, naga tail 1
a: Spit Poison


You were on level 1 of the Dungeon.
You visited 1 branch of the dungeon, and saw 1 of its levels.

Inventory:

Hand Weapons
 a - a +2 hand crossbow (weapon)
Missiles
 b - 24 bolts (quivered ammo)
Armour
 d - a +0 robe (worn)
Potions
 c - a potion of curing


   Skills:
 - Level 1.0 Fighting
 - Level 1.0 Crossbows
 - Level 1.0 Throwing
 - Level 1.0 Armour
 - Level 1.0 Shields
 + Level 0.8 Conjurations
 - Level 5.0 Hexes
 + Level 0.8 Air Magic


You couldn't memorise any spells.
You knew the following spells:

 Your Spells              Type           Power      Damage    Failure   Level
a - Shock                 Conj/Air       8%         1d3       22%         1

Your spell library contained the following spells:

 Spells                   Type           Power      Damage    Failure   Level
 Swiftness                Air            2%         N/A       54%         3


Dungeon Overview and Level Annotations

Branches:
Dungeon (1/15)

Altars:


Innate Abilities, Weirdness & Mutations

Your serpentine skin is tough. (AC +0)
You have supernaturally acute eyesight. (SInv)
Armour fits poorly on your strangely shaped body.
Your system is resistant to poisons. (rPois)
You cover ground very slowly.
You can spit poison.
You have a snake-like lower body.


Message History

You start resting.
Magic restored.
Unknown command.
b - 25 bolts (gained 3)
You see here a rat corpse.
b - 26 bolts (gained 1)
b - 27 bolts (gained 1)
Found a stone staircase leading down.
A goblin comes into view. It is wielding a +0 club.
A goblin is nearby!
A goblin is nearby!
You shoot a bolt. The bolt completely misses the goblin.
The goblin hits you with a +0 club.
You shoot a bolt. The bolt hits the goblin!
You kill the goblin!
No target in view!
Unknown command.
HP restored.
A bat comes into view.
A bat is nearby!
A bat is nearby!
A bat is nearby!
You shoot a bolt. The bolt hits the bat.
You kill the bat!
No target in view!
No target in view!
No target in view!
b - 25 bolts (gained 1)
Things that are here:
a +0 club; a goblin corpse
Things that are here:
a +0 club; a goblin corpse
Found a trident.
A quokka comes into view.
A quokka is nearby!
Unknown command.
You shoot a bolt. The bolt hits the quokka!
You kill the quokka!
Unknown command.
Are you sure you want to abandon this character and quit the game? (Confirm with "yes".)

#.#.#
..........#########.#
#.#.#
..................#.#
..#.#
...........####.###.#
#.#.# ........>..#
#.# #.# ..#.#
........#..# #.# #.#
..# ####+##.#..####.#
#.# #..)............#
#.#
####.##.#.....#.###.#
#.....@....##.#...#.#
####.##.#..##.#.#.#.#
.. #.#..##.#.#.#.#
#.# #.# .##.#.#.#.# #
... .##.#.#.#.# #.#
##.....#.# #.#
#.#.###.# (#
#####.###.#
#.........#


There were no monsters in sight!

Vanquished Creatures
  A goblin (D:1)
  A quokka (D:1)
  2 bats (D:1)
  A rat (D:1)
5 creatures vanquished.

Notes
Turn   | Place    | Note
-------+----------+-------------------------------------------
     0 | D:1      | MajorAdolf the Naga Wanderer began the quest for the Orb.
     0 | D:1      | MajorAdolf set off with the following items: a +2 hand
                  | crossbow, 27 bolts, a potion of curing, a +0 robe; and the
                  | following spell memorised: Shock; and the following spells
                  | available to memorise: Swiftness
     0 | D:1      | Reached XP level 1. HP: 18/18 MP: 1/1
   275 | D:1      | Quit the game

Illustrated notes

Levels and vault maps discovered:
D:1:      matt_arrival_los_fun, layout_basic

Action                   || total
-------------------------++-------
 Fire: Hand crossbow     ||    10
 Cast: Shock             ||     1
Dodge: Dodged            ||     2
